 Dungeon Crawl Stone Soup version 0.26-a0-854-gdc81c2f471 (webtiles) character file.

Game seed: 16092853938438962323

21 Peloso the Shield-Bearer (level 2, 27/27 HPs)
             Began as a Minotaur Fighter on Nov 22, 2020.
             Got out of the dungeon alive.
             The game lasted 00:01:54 (943 turns).

Peloso the Shield-Bearer (Minotaur Fighter)          Turns: 943, Time: 00:01:55

Health: 27/27      AC:  7    Str: 22    XL:     2   Next: 65%
Magic:  1/1        EV:  7    Int:  5    God:
Gold:   48         SH:  9    Dex:  9    Spells: 1/1 levels left

rFire    . . .     SeeInvis .   a - +0 long sword
rCold    . . .     Faith    .   c - +0 kite shield
rNeg     . . .     Spirit   .   b - +0 scale mail
rPois    .         Reflect  .   (helmet restricted)
rElec    .         Harm     .   (no cloak)
rCorr    .         Rampage  .   (no gloves)
MR       .....                  (no boots)
Stlth    ..........             (no amulet)
HPRegen  0.09/turn              (no ring)
MPRegen  0.07/turn              (no ring)

@: no status effects
A: retaliatory headbutt, horns 2, blink, screaming 1, strong 1
a: Blink


You escaped.
You visited 1 branch of the dungeon, and saw 1 of its levels.

You collected 48 gold pieces.

Inventory:

Hand Weapons
 a - a +0 long sword (weapon)
Armour
 b - a +0 scale mail (worn)
 c - a +0 kite shield (worn)
Scrolls
 e - a scroll of enchant armour {unknown}
 f - a scroll of amnesia {unknown}
 h - a scroll of identify {unknown}
 i - a scroll of fear {unknown}
Potions
 d - a potion of might


   Skills:
 + Level 3.8 Fighting
 + Level 2.6 Long Blades
 + Level 3.8 Armour
 + Level 4.4 Shields


You had one spell level left.
You didn't know any spells.
Your spell library was empty.

Dungeon Overview and Level Annotations

Branches:
Dungeon (1/15)

Altars:


Innate Abilities, Weirdness & Mutations

You reflexively headbutt those who attack you in melee.
You have a pair of horns on your head.
You can translocate small distances at will.
You occasionally shout uncontrollably at your foes.
Your muscles are strong. (Str +2)


Message History

i - a scroll labelled SUINANTAMA Key pressed, stopping explore.
You now have 48 gold pieces (gained 16).
Found a robe.
j - a fizzy white potion Done exploring.
Done exploring.
Done exploring.
Done exploring.
Done exploring.
It was a potion of heal wounds.
You feel much better.
It was a potion of mutation.
You feel extremely strange.
You feel the urge to shout.
You feel stronger.
You feel jittery.
(D) Dungeon
Where to? (? - help)
What level of the Dungeon? (default 1, ? - help)
There is an open door here.
There is a staircase leading out of the dungeon here.
Are you sure you want to leave the Dungeon?
This will make you lose the game!
You have escaped!

.######.# #....# .######.# #.....
.#...##.# ###..... .#.#.##.#
###)...... .#.#.##.### ###
##.#.#.#### .#...[#.#.### #.#
###.#........
.###....##..####'####..##..#.#...
.......#####..'...'..####..#.#...
#.#.....# ####.@.#### #..#.###.
#.#.##..####..'...'..####..#.#.#.
........##..####'####..##..#.#.##
..#.....#.### #.# ###.#..#...#.
######...#######.########..###.#.
##........................#.
#.################...##..#.
#######.# ######.####..#.
........# #......####....


There were no monsters in sight!

Vanquished Creatures
  A dart slug (D:1)
  A bat (D:1)
  3 giant cockroaches (D:1)
  2 goblins (D:1)
  A hobgoblin (D:1)
  3 jackals (D:1)
  5 kobolds (D:1)
  A rat (D:1)
17 creatures vanquished.

Notes
Turn   | Place    | Note
-------+----------+-------------------------------------------
     0 | D:1      | Peloso the Minotaur Fighter began the quest for the Orb.
     0 | D:1      | Reached XP level 1. HP: 19/19 MP: 0/0
    25 | D:1      | Reached skill level 4 in Shields
    45 | D:1      | HP: 1/20 [poisoned by a kobold]
   388 | D:1      | Reached XP level 2. HP: 27/27 MP: 1/1
   924 | D:1      | Gained mutation: You occasionally shout uncontrollably at
                  | your foes. [potion of mutation]
   924 | D:1      | Gained mutation: Your muscles are strong. (Str +2) [potion
                  | of mutation]
   924 | D:1      | Gained mutation: You can translocate small distances at
                  | will. [potion of mutation]
   943 | D:$      | Got out of the dungeon alive.

Illustrated notes

Levels and vault maps discovered:
D:1:      dpeg_arrival_radiant, layout_basic

Skill      XL: |  1 |
---------------+----+-----
Shields        | 4 |  4.4
Fighting       | |  3.8
Long Blades    | |  2.6
Armour         | |  3.8

Action                   || total
-------------------------++-------
Melee: Long sword        ||    42
       Headbutt          ||    10
  Use: Potion            ||     3
Armor: Scale mail        ||    16
Dodge: Dodged            ||    13
Block: Kite shield       ||    20
       Rpst.: Long sword ||     9

Table legend: (Time is in decaauts)
 A = Elapsed time spent in this place.
 B = Non-inter-level travel time spent in this place.
 C = Inter-level travel time spent in this place.
 D = Time resting spent in this place.
 E = Time spent auto-exploring this place.
 F = Levels seen in this place.
 G = Mean time per level.
                   A        B        C        D        E       F      G
               +--------+--------+--------+--------+--------+-----+--------+
         Total |    957 |    940 |     17 |      0 |    804 |   1 |  957.0 |
       Dungeon |    957 |    940 |     17 |      0 |    804 |   1 |  957.0 |
               +--------+--------+--------+--------+--------+-----+--------+

Top non-repeatable levels by time:
     D:1: 957 daAuts
